 Dungeon Crawl Stone Soup version 0.31-a0-1354-g0f3f92e (webtiles) character file.

Game seed: 12212510164211412880

53 sdynet the Trooper (level 3, -1/30 HPs)
             Began as a Human Cinder Acolyte on Dec 22, 2023.
             Was a High Priest of Ignis.
             Slain by a gnoll
             ... wielding a +0 flail
              (5 damage)
             ... on level 3 of the Dungeon.
             The game lasted 00:04:39 (320 turns).

sdynet the Trooper (Human Cinder Acolyte)            Turns: 320, Time: 00:04:39

Health: -1/30      AC:  9    Str: 14    XL:     3   Next: 89%
Magic:  4/4        EV: 11    Int: 14    God:    Ignis [*****.]
Gold:   42         SH:  0    Dex: 10    Spells: 2/4 levels left

rFire   + . .        b - +2 short sword (venom)
rCold   . . .        (no shield)
rNeg    . . .        d - +0 robe
rPois   .            (no helmet)
rElec   .            (no cloak)
rCorr   .            (no gloves)
SInv    .            (no boots)
Will    .....        (no amulet)
Stlth   ++           (no ring)
HPRegen 0.25/turn    (no ring)
MPRegen 0.09/turn

%: no passive effects
@: fiery-armoured
A: explore regen
a: Renounce Religion, Fiery Armour, Foxfire Swarm, Rising Flame


You were on level 3 of the Dungeon.
You worshipped Ignis.
Ignis was extremely pleased with you.
You visited 1 branch of the dungeon, and saw 3 of its levels.

You collected 42 gold pieces.

Inventory:

Hand Weapons
 a - a -1 hand axe of flaming
 b - a +2 short sword of venom (weapon)
 f - a +0 dagger of holy wrath
Missiles
 Z - 6 poisoned darts
Armour
 d - a +0 robe (worn)
 g - a +0 chain mail
Magical Staves
 e - a staff of earth
Scrolls
 c - 2 scrolls of amnesia


   Skills:
 + Level 3.8 Fighting
 + Level 0.8 Short Blades
 - Level 3.0 Axes
 + Level 0.9 Throwing
 - Level 2.0 Stealth
 - Level 1.0 Spellcasting
 - Level 3.0 Fire Magic


You had 2 spell levels left.
You knew the following spells:

 Your Spells              Type           Power      Damage    Failure   Level
a - Scorch                Fire           18%        2d5       12%         2

Your spell library contained the following spells:

 Spells                   Type           Power      Damage    Failure   Level


Dungeon Overview and Level Annotations

Branches:
Dungeon (3/15)

Altars:

Shops:
D:2 :

Annotations:
D:3 7 exclusions


Innate Abilities, Weirdness & Mutations

You regain HP and MP as you explore.


Message History

The hobgoblin shouts!
You hear a shout!
A gnoll comes into view. It is wielding a +0 halberd.
You hit the quokka.
The quokka is poisoned.
The quokka is almost dead.
You kill the quokka!
A gnoll comes into view. It is wielding a +0 club.
A gnoll comes into view. It is wielding a +0 halberd.
The gnoll moves out of view.
You see here a quokka corpse.
You closely miss the hobgoblin. The hobgoblin misses you.
You barely miss the hobgoblin. The hobgoblin misses you.
You barely miss the hobgoblin. The gnoll closely misses you.
A gnoll comes into view. It is wielding a +0 flail.
The hobgoblin hits you but does no damage.
The hobgoblin is burned by your cloak of flames.
You kill the hobgoblin!
Found a stone staircase leading down.
The gnoll barely misses you.
You see here a hobgoblin corpse.
You closely miss the gnoll. The gnoll hits you with a +0 halberd!
The gnoll is burned by your cloak of flames.
The gnoll is lightly wounded.
The gnoll misses you.
You hit the gnoll.
The gnoll is poisoned.
The gnoll is moderately wounded.
The gnoll hits you from afar with a +0 halberd.
The gnoll hits you with a +0 halberd!
The gnoll is burned by your cloak of flames.
The gnoll is moderately wounded.
You aren't carrying any potions.
Okay, then.
You aren't carrying any items that you can evoke.
Unknown command.
Found 15 gold pieces.
The gnoll barely misses you. x2
The gnoll hits you with a +0 halberd!
* * * LOW HITPOINT WARNING * * *
The gnoll is burned by your cloak of flames.
You kill the gnoll!
The gnoll closely misses you. The gnoll hits you with a +0 flail.
You die...

................#
.......########.#
#####.....#...#.#
#.###...#.#.# #.#
##...#.# #.#
#.....†#
#.####.....†# #.
$.......)##
###...g..@#
##....g........
#..####.......
#g. ..>.... #..
##..... #. .....
#. .... ....


You could see 3 gnolls.

Vanquished Creatures
  A gnoll (D:3)
  An adder (D:2)
  5 orcs (D:3)
  3 bats
  An endoplasm (D:3)
  2 goblins
  3 hobgoblins (D:3)
  4 quokkas
  A ball python (D:3)
  A frilled lizard (D:2)
  4 kobolds
  3 rats
29 creatures vanquished.

Notes
Turn   | Place    | Note
-------+----------+-------------------------------------------
     0 | D:1      | sdynet the Human Cinder Acolyte began the quest for the
                  | Orb.
     0 | D:1      | Reached XP level 1. HP: 18/18 MP: 2/2
    50 | D:2      | Reached skill level 1 in Stealth
    50 | D:2      | Reached XP level 2. HP: 24/24 MP: 3/3
    96 | D:2      | Learned a level 2 spell: Scorch
   119 | D:2      | Found Ipsisady's Book Emporium.
   206 | D:3      | Reached XP level 3. HP: 17/29 MP: 4/4
   320 | D:3      | Slain by a gnoll

Illustrated notes

Levels and vault maps discovered:
D:1:      zelgadis_glass_arrival_small, layout_basic
D:2:      layout_loops_ring, serial_shops, shop
D:3:      layout_basic, lightli_sewer_entry_pipes

Skill      XL: |  1  2  3 |
---------------+----------+-----
Stealth        | 1 2 |  2.0
Fighting       | |  3.8
Short Blades   | |  0.8
Axes           | |  3.0
Throwing       | |  0.9
Spellcasting   | |  1.0
Fire Magic     | |  3.0

Action                     || total
---------------------------++-------
  Melee: Hand axe          ||    25
         Short sword       ||    24
   Cast: Scorch            ||     1
 Invoke: Fiery Armour      ||     2
    Use: Scroll            ||     2
   Stab: Sleeping          ||     3
 Armour: Robe              ||    38
  Dodge: Dodged            ||    32

Table legend: (Time is in decaauts)
 A = Elapsed time spent in this place.
 B = Non-inter-level travel time spent in this place.
 C = Inter-level travel time spent in this place.
 D = Time resting spent in this place.
 E = Time spent auto-exploring this place.
 F = Levels seen in this place.
 G = Mean time per level.
                   A        B        C        D        E       F      G
               +--------+--------+--------+--------+--------+-----+--------+
         Total |    323 |    300 |     23 |      0 |     17 |   3 |  107.7 |
       Dungeon |    323 |    300 |     23 |      0 |     17 |   3 |  107.7 |
               +--------+--------+--------+--------+--------+-----+--------+

Top non-repeatable levels by time:
     D:3: 160 daAuts
     D:2: 112 daAuts
     D:1: 49 daAuts
